cohdb
Replays
Latest Replays
All Replays
Popular Replays
Top Player Replays
Match Explorer
How It Works
Community
CoH3 Stats
Reddit
Sign in to upload your games and track your stats! →
Sign in with Steam
Match 31380087
Unlisted
Match 31380087
Overview
Messages
Build Orders
End
Engineer Squad
Construct Barracks
Selects Advanced Infantry Battlegroup
1⁄4-ton 4x4 Truck
Riflemen Squad
Construct Weapon Support Center
Air Support Center
M1919 Machine Gun Team
Selects Convert to Ranger Squad
Grenade Package
Convert to Ranger Squad
M3 Armored Personnel Carrier
M3 Armored Personnel Carrier
P-47 Strafing Run
Selects Designate Assault Position
Construct Motor Pool
M8 Greyhound Armored Car
Ulrich Von Liechtenstein Sr.
Augustino_hb
Fox-bana
gUi
EddieAdams
FullForc3
READYRED
bhaleyirobertson1983
0
0
Comments
sign in to comment!
No comments posted yet!